 Dungeon Crawl Stone Soup version 0.23.0-3-gf3c87f2 (webtiles) character file.

Game seed: 3268548930838351605

58 Inarius the Cutter (level 3, -1/22 HPs)
             Began as a Deep Elf Chaos Knight on Feb 22, 2019.
             Was a Plaything of Xom.
             Slain by an adder (2 damage)
             ... on level 3 of the Dungeon.
             The game lasted 00:02:44 (1799 turns).

Inarius the Cutter (Deep Elf Chaos Knight)          Turns: 1799, Time: 00:02:46

Health: -1/22      AC:  6    Str:  9    XL:     3   Next: 75%
Magic:  5/5        EV: 13    Int: 16    God:    Xom [.....*]
Gold:   0          SH:  0    Dex: 15    Spells: 2/2 levels left

rFire    . . .     SeeInvis .   a - +0 short sword (chaos)
rCold    . . .     Gourm    .   (no shield)
rNeg     . . .     Faith    .   b - +2 leather armour
rPois    .         Spirit   .   (no helmet)
rElec    .         Reflect  .   (no cloak)
rCorr    .         Harm     .   i - +0 pair of gloves
MR       .....                  (no boots)
Stlth    +.........             (no amulet)
HPRegen  0.07/turn              h - ring of flight
MPRegen  0.09/turn              (no ring)

@: lethally poisoned (-1 -> -15)
A: no striking features
a: Renounce Religion, Evoke Flight


You were on level 3 of the Dungeon.
You worshipped Xom.
You were Xom's teddy bear.
You were not hungry.

You visited 1 branch of the dungeon, and saw 3 of its levels.

You collected 90 gold pieces.
You spent 90 gold pieces at shops.

Inventory:

Hand Weapons
 a - a +0 short sword of chaos (weapon)
Missiles
 f - 13 javelins (quivered)
Armour
 b - a +2 leather armour (worn)
 i - a +0 pair of gloves (worn)
Jewellery
 h - a ring of flight (left hand)
Scrolls
 e - a scroll of noise {unknown}
 k - a scroll of teleportation {unknown}
 l - 4 scrolls of remove curse {unknown}
 n - a scroll of enchant weapon {unknown}
 p - 2 scrolls of identify {unknown}
Potions
 d - 2 potions of cancellation {unknown}
 g - 2 potions of berserk rage {unknown}
 j - 3 potions of lignification {unknown}
 m - 2 potions of brilliance {unknown}
 o - 3 potions of haste {unknown}
 r - 2 potions of degeneration {unknown}
Comestibles
 c - 5 rations


   Skills:
 + Level 2.6 Fighting
 * Level 4.0 Short Blades
 + Level 1.0 Armour
 * Level 3.1 Dodging
 * Level 0.8 Stealth


You had 2 spell levels left.
You didn't know any spells.
Your spell library was empty.

Dungeon Overview and Level Annotations

Branches:
Dungeon (3/15)

Altars:
Wu Jian
Zin

Annotations:
D:2 2 transporters


Message History

Something bites you but does no damage.
You miss something. Something bites you but does no damage.
You closely miss something. Something bites you.
You are lethally poisoned!
Something poisons you!
The goblin shoots a stone.
The stone closely misses you.
You completely miss something.
You feel sick. Something barely misses you.
The goblin shoots a stone.
The stone hits you but does no damage.
You hit something but do no damage.
* * * LOW HITPOINT WARNING * * *
You feel sick. Something barely misses you.
You miss something. Something bites you but does no damage.
The goblin shoots a stone.
The stone misses you.
You closely miss something.
* * * LOW HITPOINT WARNING * * *
You feel sick. Something bites you.
* * * LOW HITPOINT WARNING * * *
You are more poisoned.
Something poisons you!
The goblin shoots a stone.
The stone hits you but does no damage. Something bites you.
You die...

##.## ....## ##.#
##.... .## ##.## #....
.... ##..# #...# #..#
....# #...# #..# ....#
#...# #..# # #
#...#####...# #..# .#.#
#.......รท...#
####..#....#
#...#####.#.###(@{g...#
..#.# #.#.....##g.#...#
....# #.########..# #
.#### #.# ..... ... #.#
####### .#. #.. .# ###
#


You could see 2 goblins.

Vanquished Creatures
  An ooze (D:1)
  5 dart slugs
  2 leopard geckos (D:2)
  A ball python (D:1)
  3 bats
  2 giant cockroaches
  4 goblins
  4 hobgoblins
  3 jackals (D:2)
  5 kobolds
  A quokka (D:2)
  A frilled lizard (D:2)
  4 rats
36 creatures vanquished.

Notes
Turn   | Place    | Note
-------+----------+-------------------------------------------
     0 | D:1      | Inarius the Deep Elf Chaos Knight began the quest for the
                  | Orb.
     0 | D:1      | Reached XP level 1. HP: 13/13 MP: 3/3
    48 | D:1      | XOM: potion effect (haste)
    52 | D:1      | Reached XP level 2. HP: 18/18 MP: 4/4
   235 | D:1      | XOM: harmless Hex miscast
   564 | D:2      | Reached XP level 3. HP: 17/22 MP: 5/5
   656 | D:2      | Found a transporter.
   657 | D:2      | Found an ornate altar of the Wu Jian Council.
   657 | D:2      | Found a transporter.
   657 | D:2      | Noticed a two-headed ogre
   670 | D:2      | XOM: harmless Erth miscast
   880 | D:2      | XOM: harmless Summ miscast
  1118 | D:2      | XOM: mild Erth miscast
  1287 | D:2      | Reached skill level 4 in Short Blades
  1490 | D:2      | XOM: noise
  1640 | D:3      | Found a glowing silver altar of Zin.
  1641 | D:3      | XOM: mild Summ miscast
  1642 | D:3      | Noticed a spatial vortex
  1736 | D:3      | Found Zin's Purification Station.
  1741 | D:3      | Bought a potion of curing for 90 gold pieces
  1754 | D:3      | Reached skill level 1 in Armour
  1799 | D:3      | HP: 1/22 [something (4)]
  1799 | D:3      | Slain by an adder

Skill      XL: |  1  2  3 |
---------------+----------+-----
Dodging        | 3 |  3.1
Short Blades   | 4 |  4.0
Armour         | 1 |  1.0
Fighting       | |  2.6
Stealth        | |  0.8

Action                   || total
-------------------------++-------
Melee: Short sword       ||   114
  Use: Potion            ||     1
 Stab: Confused          ||     2
       Sleeping          ||     2
  Eat: Chunk             ||     3
Armor: Leather armour    ||    36
Dodge: Dodged            ||    54
